 Dungeon Crawl Stone Soup version 0.18.1-1-g2f07953 (webtiles) character file.

61 Amciq the Ruffian (level 3, -8/34 HPs)
             Began as a Minotaur Monk on Nov 10, 2016.
             Mangled by Sigmund
             ... wielding a +0 scythe
              (10 damage)
             ... on level 3 of the Dungeon.
             The game lasted 00:05:49 (1671 turns).

Amciq the Ruffian (Minotaur Monk)                   Turns: 1671, Time: 00:05:50

Health: -8/34      AC:  2    Str: 15    XL:     3   Next: 83%
Magic:  2/2        EV: 10    Int:  7    God:
Gold:   104        SH:  7    Dex: 13    Spells: 0 memorised, 2 levels left

rFire  + . .     SeeInvis .     p - +0 morningstar
rCold  + . .     Gourm    .     a - +0 robe
rNeg   . . .     Faith    .     m - +0 shield
rPois  +         Spirit   .     (helmet restricted)
rElec  +         Dismiss  .     (no cloak)
rCorr  +         Reflect  .     (no gloves)
SustAt .         Harm     +     (no boots)
MR     .....                    k - amulet of harm
Stlth  ++........               (no ring)
                                l - ring of resist corrosion

@: resistant, not resistant to hostile enchantments, unstealthy
A: retaliatory headbutt, horns 2
a: no special abilities


You were on level 3 of the Dungeon.
You were not hungry.

You visited 1 branch of the dungeon, and saw 3 of its levels.

You collected 104 gold pieces.

Inventory:

Hand Weapons
 p - a +0 morningstar (weapon)
Armour
 a - a +0 robe (worn)
 m - a +0 shield (worn)
Jewellery
 k - an amulet of harm (around neck)
 l - a ring of resist corrosion (left hand)
Wands
 n - a wand of enslavement (12/24)
Scrolls
 c - 2 scrolls of identify
 e - 2 scrolls of noise {unknown}
 h - a scroll of magic mapping {unknown}
 i - a scroll of teleportation {unknown}
 j - 2 scrolls of remove curse {unknown}
Potions
 o - 2 potions of haste {unknown}
Comestibles
 b - a bread ration
 d - 7 chunks of flesh


   Skills:
 + Level 4.3 Fighting
 * Level 0.0 Maces & Flails
 + Level 0.5 Armour
 + Level 3.8 Dodging
 + Level 1.8 Stealth
 + Level 0.2 Shields
 + Level 5.0 Unarmed Combat


You had 2 spell levels left.
You didn't know any spells.

Dungeon Overview and Level Annotations

Branches:
Dungeon (3/15)

Altars:

Annotations:
D:3 Sigmund


Innate Abilities, Weirdness & Mutations

You reflexively headbutt those who attack you in melee.
You have a pair of horns on your head.


Message History

You bump into the rock wall.
Sigmund looks at you with fury. Sigmund closely misses you.
You feel less confused.
Sigmund mumbles some strange words.
Sigmund flickers and vanishes!
Deactivating autopickup; reactivate with Ctrl-A.
You barely miss something. Your headbutt misses something.
Something hits you but does no damage.
You closely miss something. Your headbutt misses something. Something hits you!
Ouch! That really hurt!
* * * LOW HITPOINT WARNING * * *
You closely miss something. You headbutt something. Something hits you.
* * * LOW HITPOINT WARNING * * *
Drink which item? (? for menu, Esc to quit)
You feel much better. Something hits you!
You hit something but do no damage. You headbutt something. Something hits you!
* * * LOW HITPOINT WARNING * * *
You miss something. Your headbutt misses something. Something hits you!
You die...

#..##########.#####.#.#.#
####.....)..........##.###.#
#......######.......##.# #.#
#.##..#######.......##.# #.#
#.##..# #............#.# #[.
#.##..###.###........#.# #..
#.##..)................###.#
#.................).........
....#.####.#@...#.#######.#.#
###|#.# #.{###.#.# ... ..#[#
##..# #.#(# #.. ## #.
#...###...# .. #. #.........#
. #..##.###.# #..# .# .# ....
. ....## ##


There were no monsters in sight!

Vanquished Creatures
  A worm (D:3)
  3 giant geckos
  3 orcs (D:3)
  10 bats
  5 giant cockroaches
  6 goblins
  3 hobgoblins
  6 jackals
  A ball python (D:1)
  2 giant newts
  4 kobolds
  3 rats
47 creatures vanquished.

Notes
Turn   | Place    | Note
--------------------------------------------------------------
     0 | D:1      | Amciq the Minotaur Monk began the quest for the Orb.
     0 | D:1      | Reached XP level 1. HP: 19/19 MP: 0/0
   300 | D:2      | Reached XP level 2. HP: 25/27 MP: 1/1
   702 | D:1      | Reached XP level 3. HP: 33/33 MP: 2/2
  1212 | D:2      | Reached skill level 5 in Unarmed Combat
  1648 | D:3      | Noticed Sigmund
  1671 | D:3      | Mangled by Sigmund

Skill      XL: |  1  2  3 |
---------------+----------+-----
Fighting       | 4 |  4.3
Unarmed Combat | 5 |  5.0
Armour         | |  0.5
Dodging        | |  3.8
Stealth        | |  1.8
Shields        | |  0.2

Action                   || total
-------------------------++-------
Melee: Unarmed           ||    30
       Headbutt          ||    15
       Club              ||    60
       Punch             ||     2
       Morningstar       ||     5
  Use: Potion            ||     2
       Scroll            ||     1
 Stab: Sleeping          ||     3
  Eat: Chunk             ||     2
Armor: Robe              ||    23
Dodge: Dodged            ||    76
Block: Shield            ||     7
